 Dungeon Crawl Stone Soup version 0.31-a0-188-g5e087ee2ca (webtiles) character file.

Game seed: 8235858610375240705

131 qw the Skirmisher (level 4, -2/25 HPs)
             Began as a Deep Elf Hunter on June 23, 2023.
             Slain by Grinder (5 damage)
             ... while paralysed by Grinder
             ... on level 3 of the Dungeon.
             The game lasted 00:00:40 (1877 turns).

qw the Skirmisher (Deep Elf Hunter)                 Turns: 1877, Time: 00:00:40

Health: -2/25      AC:  8    Str: 10    XL:     4   Next: 91%
Magic:  6/6        EV:  2    Int: 14    God:
Gold:   146        SH:  0    Dex: 18    Spells: 3/3 levels left

rFire   . . .        Y - +1 shortbow
rCold   . . .        (shield currently unavailable)
rNeg    . . .        i - +0 ring mail
rPois   .            (no helmet)
rElec   .            (no cloak)
rCorr   .            (no gloves)
SInv    .            d - +2 pair of boots
Will    .....        (no amulet)
Stlth   +            (no ring)
HPRegen 0.24/turn    (no ring)
MPRegen 0.10/turn

%: no passive effects
@: paralysed
A: no striking features
a: no special abilities


You were on level 3 of the Dungeon.
You visited 1 branch of the dungeon, and saw 3 of its levels.

You collected 146 gold pieces.


   Skills:
 - Level 1.5 Fighting
 + Level 8.3 Ranged Weapons
 - Level 2.4 Dodging
 - Level 1.2 Stealth


You had 3 spell levels left.
You didn't know any spells.
Your spell library was empty.

Inventory:

Hand Weapons
 Y - a +1 shortbow (weapon)
Armour
 a - the +0 pair of boots "Zixiwu" {Will+}
   (You found it on level 3 of the Dungeon)

   Will:      It increases your willpower.
 b - a +0 helmet
 d - a +2 pair of boots (worn)
 i - a +0 ring mail (worn)
Jewellery
 c - a +6 ring of strength
 g - a ring of poison resistance
Potions
 e - 3 potions of curing
 f - a potion of attraction {unknown}

Dungeon Overview and Level Annotations

Branches:
Dungeon (3/15)

Altars:
Gozag

Annotations:
D:3 Grinder


Message History

The arrow hits the kobold but does no damage.
You shoot an arrow. The arrow misses the kobold.
The kobold hits you but does no damage.
You shoot an arrow. The arrow hits the kobold.
You kill the kobold!
Things that are here:
a +0 dagger; a kobold corpse
g - a ring of poison resistance
Enter note:
Enter note: You open the door.
Grinder comes into view.
Grinder shouts!
Grinder gestures at you.
You suddenly lose the ability to move!
Found a stone staircase leading up.
Grinder gestures at you. Pain shoots through your body!
You can move again.
Enter note:
Enter note:
Enter note:
Enter note:
Enter note:
Enter note: You shoot an arrow.
The arrow hits Grinder.
Grinder is lightly wounded.
Grinder gestures at you. You resist with significant effort.
You shoot an arrow. The arrow hits Grinder.
Grinder is lightly wounded.
You shoot an arrow. The arrow hits Grinder.
Grinder is lightly wounded.
Grinder hits you.
You writhe in agony.
You shoot an arrow. The arrow hits Grinder!
Grinder is heavily wounded.
Grinder gestures at you.
You suddenly lose the ability to move!
Grinder hits you.
You writhe in agony.
You die...

#.# #.#.# #.###.#.#
#.....#.# #..####.#
## #..####.# ..
#..)....####+### .#
##.####.##~ยค.~~#
..##. #.#
#.##~.#.~#...... #
#.# #..')#8#@5..<#
######
####~.#.~#...#
#7.7## #~~.~~# .##
.# ..>..## ###'###
.. #.# ......##
#... ## #.#
.###%..# ##### #.#
## ##7.7
##########.# # #.#
#.....[.##.# # ##.#
########.#####..#.#


You could see Grinder.

Vanquished Creatures
  Jessica (D:2)
  4 gnolls (D:2)
  7 bats
  6 endoplasms
  4 giant cockroaches
  5 goblins
  8 hobgoblins
  5 kobolds
  3 quokkas
  7 ball pythons
  7 frilled lizards
  7 rats
64 creatures vanquished.

Notes
Turn   | Place    | Note
-------+----------+-------------------------------------------
     0 | D:1      | qw the Deep Elf Hunter began the quest for the Orb.
     0 | D:1      | Reached XP level 1. HP: 12/12 MP: 3/3
     0 | D:1      | 0 ||| qw: Version: 0.3-a-9-g12657ce
     0 | D:1      | 0 ||| qw: Game counter: 3653
     0 | D:1      | 0 ||| qw: Always use a shield: true
     0 | D:1      | 0 ||| qw: God list: Okawaru
     0 | D:1      | 0 ||| qw: Allow faded altars: false
     0 | D:1      | 0 ||| qw: Do Orc after D:15 true
     0 | D:1      | 0 ||| qw: Do second Lair branch before Depths: true
     0 | D:1      | 0 ||| qw: Lair rune preference: random
     0 | D:1      | 0 ||| qw: Plans: Normal
     0 | D:1      | 0 ||| PLANNING D:1-11
   215 | D:1      | Reached XP level 2. HP: 16/16 MP: 4/4
   246 | D:1      | Reached skill level 6 in Ranged Weapons
   476 | D:1      | Found a faded altar of an unknown god.
   781 | D:1      | 781 ||| UPGRADING to +2 pair of boots.
   786 | D:1      | 786 ||| DRINKING 3 black potions.
   787 | D:1      | 787 ||| DROPPING scroll of butterflies.
   854 | D:2      | Reached XP level 3. HP: 19/20 MP: 5/5
   953 | D:2      | Reached skill level 7 in Ranged Weapons
   960 | D:2      | Reached XP level 4. HP: 18/25 MP: 6/6
  1091 | D:2      | Noticed Jessica
  1093 | D:2      | Killed Jessica
  1255 | D:2      | Reached skill level 8 in Ranged Weapons
  1446 | D:2      | 1446 ||| UPGRADING to +0 ring mail.
  1456 | D:2      | 1456 ||| DROPPING +0 leather armour.
  1457 | D:2      | 1457 ||| DROPPING ring of magical power.
  1458 | D:2      | 1458 ||| READING scroll labelled HINOYKL GYKAS.
  1459 | D:2      | 1459 ||| READING scroll labelled ORUTRA URHALL.
  1460 | D:2      | 1460 ||| READING scroll labelled YRCHA COIJ ITHRIT.
  1503 | D:2      | 1503 ||| READING scroll labelled UQICAL FIRIO.
  1504 | D:2      | 1504 ||| READING scroll labelled TUSEUR IQOIBOW.
  1505 | D:2      | 1505 ||| DRINKING 2 golden potions.
  1506 | D:2      | 1506 ||| DRINKING 2 green potions.
  1507 | D:2      | 1507 ||| DROPPING potion of invisibility.
  1508 | D:2      | 1508 ||| DROPPING potion of brilliance.
  1572 | D:3      | Found an opulent altar of Gozag.
  1573 | D:3      | Found an opulent altar of Gozag.
  1620 | D:3      | Found an opulent altar of Gozag.
  1625 | D:3      | Found an opulent altar of Gozag.
  1626 | D:3      | Identified the +0 pair of boots "Zixiwu" {Will+}
  1870 | D:3      | Noticed Grinder
  1870 | D:3      | Paralysed by Grinder for 3 turns
  1875 | D:3      | HP: 6/25 [Grinder (5)]
  1876 | D:3      | Paralysed by Grinder for 4 turns
  1877 | D:3      | Slain by Grinder

Levels and vault maps discovered:
D:1:      dpeg_arrival_fog, layout_loops_corners,
          chequers_ecumenical_altar_grove
D:2:      layout_basic, minmay_box_of_dots, uniq_crazy_yiuf_cottage,
          uniq_jessica
D:3:      layout_loops_corners, mainiacjoe_overflow_alcove_2,
          nicolae_gozag_conspicuous_consumption, grunt_ministairs_8,
          hangedman_decor_riveting, kennysheep_cross_room, st_stairs_7,
          small_statue_intersection, kennysheep_generic_room_13, uniq_grinder

Skill      XL: |  1  2  3  4 |
---------------+-------------+-----
Ranged Weapons | 6 7 8 |  8.3
Fighting       | |  1.5
Dodging        | |  2.4
Stealth        | |  1.2

Action                     |  1- 3 |  4- 6 || total
---------------------------+-------+-------++-------
   Fire: Shortbow          |    77 |    59 ||   136
    Use: Potion            |     1 |     2 ||     3
         Scroll            |       |     5 ||     5
 Armour: Leather armour    |     2 |     6 ||     8
         Ring mail         |       |     1 ||     1
  Dodge: Dodged            |     6 |     9 ||    15

Table legend:
 A = Non-vault XP
 B = Vault XP
 C = Vault XP percentage of total XP
 D = Non-vault monster count
 E = Vault monster count
 F = Vault count percentage of total count
                 A         B        C        D         E       F
            +---------+---------+-------+---------+---------+-------
      Total |     138 |      50 |  26.6 |      54 |      10 |  15.6
            +---------+---------+-------+---------+---------+-------
        D:1 |      40 |       0 |   0.0 |      25 |       0 |   0.0
        D:2 |      83 |      42 |  33.6 |      20 |       6 |  23.1
        D:3 |      15 |       8 |  34.8 |       9 |       4 |  30.8
            +---------+---------+-------+---------+---------+-------
